 Dungeon Crawl Stone Soup version 0.30.0-29-ga12c61a403 (webtiles) character file.

Game seed: 7439805186319129100

1082 belegose the Trooper (level 8, -7/68 HPs)
             Began as a Ghoul Warper on June 9, 2023.
             Was a Follower of Okawaru.
             Mangled by a wight
             ... wielding a +0 great sword
              (13 damage)
             ... on level 5 of the Dungeon.
             The game lasted 00:18:41 (5439 turns).

belegose the Trooper (Ghoul Warper)                 Turns: 5439, Time: 00:18:41

Health: -7/68      AC:  8    Str: 30    XL:     8   Next: 30%
Magic:  9/9        EV: 10    Int:  8    God:    Okawaru [*.....]
Gold:   86         SH:  0    Dex:  4    Spells: 10/10 levels left

rFire   . . .        D - +7 mace "Xuischamok" {venom, *Slow Str+7 Dex-4 SInv}
rCold   + . .        (no shield)
rNeg    + + +        a - +0 scale mail
rPois   ∞            l - +0 hat "Necim" {rElec rPois}
rElec   +            (no cloak)
rCorr   .            (no gloves)
SInv    +            r - +0 pair of boots
Will    .....        (no amulet) Stlth
                     e - +6 ring of strength
HPRegen 0.00/turn    (no ring)
MPRegen 0.11/turn

%: slow self (1%)
@: inhibited regen
A: claws 1, cold resistance 1, negative energy resistance 3, inhibited
regeneration, torment resistance 2, devour on kill
a: Renounce Religion, Heroism


You were on level 5 of the Dungeon.
You worshipped Okawaru.
Okawaru was aware of your devotion.
You visited 1 branch of the dungeon, and saw 7 of its levels.

You collected 270 gold pieces.
You spent 184 gold pieces at shops.

Inventory:

Hand Weapons
 b - a +0 sling
 t - a +0 trident of protection
 y - the +3 whip of the Devouring Firefly {heavy, rN+}
   (You found it on level 3 of the Dungeon)

   rN:        It protects you from negative energy.
 D - the +7 mace "Xuischamok" (weapon) {venom, *Slow Str+7 Dex-4 SInv}
   (You bought it in a shop on level 4 of the Dungeon)

   Str:       It affects your strength (+7).
   Dex:       It affects your dexterity (-4).
   SInv:      It lets you see invisible.
   *Slow:     It may slow you when you take damage.
Missiles
 d - 5 boomerangs of dispersal
 i - 8 poisoned darts (quivered)
 s - 2 boomerangs
Armour
 a - a +0 scale mail (worn)
 l - the +0 hat "Necim" (worn) {rElec rPois}
   (You found it on level 2 of the Dungeon)

   rElec:     It insulates you from electricity.
   rPois:     It protects you from poison.
 r - a +0 pair of boots (worn)
Jewellery
 e - a +6 ring of strength (left claw)
Wands
 o - a wand of polymorph (5)
 E - a wand of roots (8)
Scrolls
 c - 2 scrolls of blinking
 f - 9 scrolls of identify {unknown}
 g - 2 scrolls of enchant weapon {unknown}
 h - 3 scrolls of poison {unknown}
 j - a scroll of magic mapping {unknown}
 k - a scroll of amnesia {unknown}
 q - a scroll of noise {unknown}
 u - a scroll of immolation {unknown}
 v - 3 scrolls of teleportation {unknown}
 w - a scroll of vulnerability {unknown}
 x - 3 scrolls of summoning {unknown}
 B - 3 scrolls of fear {unknown}
Potions
 m - a potion of degeneration {unknown}
 n - a potion of magic {unknown}
 p - 4 potions of curing {unknown}
 z - a potion of invisibility {unknown}
 A - a potion of haste {unknown}
 C - a potion of lignification {unknown}
 F - 2 potions of flight {unknown}
 G - a potion of mutation {unknown}


   Skills:
 - Level 5.0 Fighting
 + Level 4.8 Maces & Flails
 - Level 0.1 Polearms
 + Level 3.7 Throwing
 - Level 4.0 Armour
 - Level 1.7 Dodging
 - Level 1.7 Spellcasting
 - Level 2.6 Translocations
 + Level 2.4 Invocations
 + Level 1.5 Evocations


You had 10 spell levels left.
You didn't know any spells.
Your spell library contained the following spells:

 Spells                   Type           Power      Damage    Failure   Level
 Blink                    Tloc           10%        N/A       36%         2
 Lesser Beckoning         Tloc           10%        N/A       36%         2
 Kiss of Death            Conj/Necr      0%         2d5       58%         1
 Teleport Other           Tloc           5%         N/A       58%         3
 Vhi's Electric Charge    Tloc/Air       4%         N/A       77%         3
 Confusing Touch          Hex            0%         N/A       91%         3
 Manifold Assault         Tloc           5%         N/A       94%         4
 Dispel Undead            Necr           0%         3d6       100%        4
 Summon Forest            Summ/Tloc      Unusable   N/A       N/A         5
 Summon Mana Viper        Hex/Summ       Unusable   N/A       N/A         5
 Summon Cactus Giant      Summ           Unusable   N/A       N/A         6

Dungeon Overview and Level Annotations

Branches:
Dungeon (7/15)
 Temple: D:4-7

Altars:
Okawaru
Ru

Shops:
D:4 :(((:   D:5 *


Innate Abilities, Weirdness & Mutations

You are immune to poison.
You have sharp fingernails.
Your flesh is cold resistant. (rC+)
You are immune to negative energy. (rN+++)
You do not regenerate when monsters are visible.
You are immune to unholy pain and torment.
You thrive by killing the living.


Message History

You hit the adder.
The adder is poisoned.
The adder is moderately wounded.
The adder bites you but does no damage.
You sock the adder!
You kill the adder!
Okawaru accepts your kill.
No target in view!
You see here a +0 chain mail.
Done exploring.
No target in view!
No target in view!
Search for what [Enter for "altar", or ? for help]? armour
There is a stone staircase leading down here.
You climb downwards.
You hear the hiss of flowing sand.
There is an entrance to an ossuary on this level.
Hurry and find it before the portal is buried!
The walls and floor vibrate strangely for a moment.
There is a stone staircase leading up here.
You climb upwards.
There is a stone staircase leading down here.
Unknown command.
There is a stone staircase leading down here.
You climb downwards.
The ogre shouts!
There is a stone staircase leading up here.
Unknown command.
The ogre hits you with a +0 giant club! The wight closely misses you. x2
You climb upwards.
There is a stone staircase leading down here.
Unknown command.
The ogre attacks as you move away! The ogre hits you with a +0 giant club!
The wight attacks as you move away!
The wight hits you with a +2 long sword!
The wight hits you with a +0 great sword!
The wight attacks as you move away!
The wight hits you with a +0 great sword!
* * * LOW HITPOINT WARNING * * *
The wight attacks as you move away!
The wight hits you with a +0 great sword!
You die...

......#...#...........#
......#..............##
.................#...#
#......##.[......#..##
.....#.............##
.....##....[........##
.##..##......[....#..#
..##.....#####>[Oz>..#
.........### ###@z..##
....#......# #[...###
..........## #......#
........#### ##....##
........#..### #...##
..###........# #....#
.............# ##...#
<[.......#...# #####
[#.......##.##


You could see an ogre and 2 wights.

Vanquished Creatures
  2 black bears
  An ogre (D:4)
  A centaur (D:5)
  A bullfrog (D:6)
  3 scorpions
  2 orc priests (D:5)
  2 hounds
  A jelly (D:5)
  An iguana (D:6)
  7 orc wizards
  4 adders
  3 worms
  5 dart slugs
  11 orcs
  9 bats
  8 endoplasms
  A giant cockroach (D:1)
  7 goblins
  6 hobgoblins
  3 jackals (D:1)
  4 kobolds
  4 quokkas
  8 ball pythons
  2 frilled lizards
  6 rats
102 creatures vanquished.

Notes
Turn   | Place    | Note
-------+----------+-------------------------------------------
     0 | D:1      | belegose the Ghoul Warper began the quest for the Orb.
     0 | D:1      | Reached XP level 1. HP: 17/17 MP: 2/2
    65 | D:1      | Reached skill level 1 in Armour
   118 | D:1      | Reached XP level 2. HP: 18/25 MP: 3/3
   623 | D:1      | Reached XP level 3. HP: 30/30 MP: 4/4
  1192 | D:2      | Reached skill level 3 in Fighting
  1305 | D:2      | Identified the +0 hat "Necim" {rElec rPois}
  1621 | D:2      | Found a faded altar of an unknown god.
  1859 | D:2      | Reached XP level 4. HP: 29/38 MP: 5/5
  2058 | D:3      | Found an iron altar of Okawaru.
  2387 | D:3      | Identified the +3 whip of the Devouring Firefly {heavy,
                  | rN+}
  2478 | D:4      | You fall into a shaft and drop 3 floors!
  2597 | D:7      | Noticed a gnoll sergeant
  2640 | D:7      | Noticed Prince Ribbit
  2674 | D:6      | Noticed a bullfrog
  2685 | D:6      | Killed a bullfrog
  2686 | D:6      | Reached XP level 5. HP: 24/46 MP: 6/6
  2695 | D:5      | Entered Level 5 of the Dungeon
  2825 | D:6      | Reached skill level 1 in Throwing
  2985 | D:5      | Reached skill level 4 in Fighting
  3059 | D:5      | Reached XP level 6. HP: 29/52 MP: 7/7
  3431 | D:4      | Reached XP level 7. HP: 23/60 MP: 8/8
  3705 | D:4      | Found Waifam's Book Shoppe.
  3709 | D:4      | Found Uggeat's Weapon Shoppe.
  3938 | D:4      | Found Saew Xou's Book Boutique.
  3996 | D:4      | Found Vigoqe Uhain's Antique Weapon Boutique.
  4004 | D:4      | Bought a dazzling mace for 184 gold pieces
  4004 | D:4      | Identified the +7 mace "Xuischamok" {venom, *Slow Str+7
                  | Dex-4 SInv} (You bought it in a shop on level 4 of the
                  | Dungeon)
  4010 | D:4      | Found Odepeate's Antique Weapon Shop.
  4141 | D:4      | Reached skill level 5 in Fighting
  4375 | D:4      | Found a sacrificial altar of Ru.
  4508 | D:3      | Became a worshipper of Warmaster Okawaru
  4571 | D:5      | Reached skill level 1 in Invocations
  4882 | D:5      | Found Joonwots's Assorted Antiques.
  4891 | D:5      | Reached XP level 8. HP: 63/68 MP: 9/9
  4982 | D:5      | Reached skill level 1 in Evocations
  5238 | D:5      | Reached * piety under Okawaru
  5439 | D:5      | Mangled by a wight

Illustrated notes

Levels and vault maps discovered:
D:1:      amcnicky_arrival_feature_with_door, layout_basic, roderic_lattice_a
D:2:      layout_basic, shapermc_ecumenical_altar_venn, minmay_misc_feat_tiny
D:3:      layout_basic, kennysheep_okawaru_gauntlet, feat_on_display
D:4:      layout_gridville, mainiacjoe_overflow_small_starburst, serial_shops,
          shop, shop, shop, nicolae_shop_tiny_real_fake_doors,
          nicolae_square_shop, minmay_unequal
D:5:      layout_cave_pools, serial_shops, nicolae_shop_peninsula
D:6:      layout_basic, gammafunk_temple_overflow_claw,
          nicolae_ossuary_entry_plus, grunt_ministairs_4
D:7:      layout_gridville, temple_doors_ab, minmay_holes,
          nicolae_concentric_dashed_squares_wild, columned_hall_lemuel,
          grunt_decor_mini_mirrors, uniq_prince_ribbit1

Skill      XL: |  1  2  3  4  5  6  7  8 |
---------------+-------------------------+-----
Armour         | 1 2 3 4 |  4.0
Maces & Flails | 2 3 4 |  4.8
Fighting       | 3 4 5 |  5.0
Throwing       | 1 2 3 |  3.7
Invocations    | 1 2 |  2.4
Evocations     | 1 |  1.5
Polearms       | |  0.1
Dodging        | |  1.7
Spellcasting   | |  1.7
Translocations | |  2.6

Action                     |  1- 3 |  4- 6 |  7- 9 || total
---------------------------+-------+-------+-------++-------
  Melee: Mace              |   152 |    16 |    59 ||   227
         Punch             |     2 |       |       ||     2
         Trident           |       |    46 |       ||    46
         Whip              |       |    76 |    24 ||   100
   Fire: Sling             |       |     5 |       ||     5
  Throw: Dart              |       |    17 |     5 ||    22
         Boomerang         |       |     1 |     3 ||     4
  Evoke: Wand              |       |     1 |       ||     1
 Armour: Ring mail         |    77 |    30 |       ||   107
         Leather armour    |     1 |       |       ||     1
         Scale mail        |       |    26 |    63 ||    89
  Dodge: Dodged            |   122 |    77 |    65 ||   264
